 Dungeon Crawl Stone Soup version 0.17-a0-1468-gbf503c2 (webtiles) character file.

26 pulse the Chopper (level 3, -2/26 HPs)
             Began as a Formicid Berserker on July 1, 2015.
             Was a Follower of Trog.
             Slain by Sigmund
             ... wielding a +0 scythe of flaming
              (4 damage)
             ... on level 2 of the Dungeon.
             The game lasted 00:01:43 (799 turns).

pulse the Chopper (Formicid Berserker)               Turns: 799, Time: 00:01:43

Health: -2/26      AC:  5    Str: 22    XL:     3   Next: 22%
Magic:  2/2        EV: 11    Int:  6    God:    Trog [*.....]
Gold:   70         SH:  0    Dex: 10    Spells: 0 memorised, 2 levels left

rFire  . . .     SeeInvis +     a - +0 hand axe
rCold  . . .     Clarity  .     j - +0 ring mail
rNeg   . . .     SustAt   .     (no shield)
rPois  .         Gourm    .     (helmet unavailable)
rElec  .         Spirit   .     (no cloak)
rCorr  .         Warding  .     (no gloves)
rMut   .         Stasis   +     (no boots)
MR     .....                    (no amulet)
Stlth  ..........               (no ring)
                                (no ring)

@: confused, not resistant to hostile enchantments, extremely unstealthy
A: permanent stasis, dig shafts and tunnels, four strong arms, antennae 3, frail
1, low mp 1, regeneration 1
a: Dig, Shaft Self, Burn Spellbooks, Renounce Religion


You were on level 2 of the Dungeon.
You worshipped Trog.
Trog was aware of your devotion.
You were not hungry.

You visited 1 branch of the dungeon, and saw 2 of its levels.

You collected 70 gold pieces.

Inventory:

Hand weapons
 a - a +0 hand axe (weapon)
Armour
 j - a +0 ring mail (worn)
Scrolls
 f - a scroll of identify {unknown}
 g - a scroll of fog {unknown}
 h - a scroll of teleportation {unknown}
 i - a scroll of enchant weapon {unknown}
Comestibles
 c - 4 bread rations
 d - a meat ration


   Skills:
 - Level 3.5 Fighting
 * Level 3.8 Axes
 - Level 2.3 Armour
 - Level 1.7 Dodging


You had 2 spell levels left.
You didn't know any spells.

Dungeon Overview and Level Annotations

Branches:
Dungeon (2/15)

Altars:

Annotations:
D:2 Sigmund


Innate Abilities, Weirdness & Mutations

You are under a permanent stasis effect.
You can dig through walls and to a lower floor.
Your four strong arms can wield two-handed weapons with a shield.
You have a pair of large antennae on your head (SInv).
You are frail (-10% HP).
Your magical capacity is low (-10% MP).
Your natural rate of healing is unusually fast.


Message History

Sigmund is severely wounded.
You hit Sigmund but do no damage.
Sigmund is severely wounded.
Sigmund misses you.
You hit Sigmund.
Sigmund is severely wounded.
Sigmund closely misses you.
You completely miss Sigmund.
Sigmund is severely wounded.
You hit Sigmund.
Sigmund is almost dead.
Sigmund points at you and mumbles some strange words.
You are confused.
Sigmund giggles. "Time to reap what you sow."
Sigmund casts a spell at you. The puff of flame hits you!
* * * LOW HITPOINT WARNING * * *
You aren't carrying any potions.
Sigmund hits you from afar with a scythe of flaming.
You die...

############
#..........#
#..........#
#.......$..#
#..........#
+...?@.....#
#########........$.#
#.............@.....#
#.....................
#.........##+#######.#
.........# ..#
#......####.#######
+.................
#...............#
#...............#
##..............#


You could see Sigmund (invisible).

Vanquished Creatures
  An adder (D:2)
  An ooze (D:1)
  3 bats
  2 hobgoblins (D:1)
  3 goblins
  2 kobolds (D:1)
12 creatures vanquished.

Notes
Turn   | Place    | Note
--------------------------------------------------------------
     0 | D:1      | pulse the Formicid Berserker began the quest for the Orb.
     0 | D:1      | Reached XP level 1. HP: 18/18 MP: 1/1
   248 | D:1      | Reached XP level 2. HP: 10/24 MP: 2/2
   619 | D:2      | Gained mutation: Your natural rate of healing is unusually fast. [potion of mutation]
   619 | D:2      | Gained mutation: Your magical capacity is low (-10% MP). [potion of mutation]
   619 | D:2      | Gained mutation: You are frail (-10% HP). [potion of mutation]
   624 | D:2      | Reached XP level 3. HP: 17/26 MP: 2/2
   775 | D:2      | Noticed Sigmund
   799 | D:2      | Slain by Sigmund

Vault maps used:
D:1:      lordsloth_arrival_two_stooges
D:2:      kennysheep_the_goblin_king, first_bread, uniq_sigmund, uniq_robin

Action                   || total
-------------------------++-------
Melee: Hand axe          ||    78
  Use: Potion            ||     4
